 Dungeon Crawl Stone Soup version 0.18-a0-1312-gf98331d (webtiles) character file.

80596 mrath the Geomancer (level 15, -17/92 HPs)
             Began as a Gargoyle Earth Elementalist on Feb 14, 2016.
             Was the Champion of Sif Muna.
             Killed from afar by Frances (53 damage)
             ... with a shard of ice
             ... on level 13 of the Dungeon on Feb 15, 2016.
             The game lasted 06:33:34 (48598 turns).

mrath the Geomancer (Gargoyle Earth Elementalist)  Turns: 48598, Time: 06:33:38

Health: -17/92     AC: 32    Str: 12    XL:     15   Next: 67%
Magic:  38/38      EV: 16    Int: 22    God:    Sif Muna [******]
Gold:   1411       SH:  5    Dex: 10    Spells: 10 memorised, 0 levels left

rFire  + . .     SeeInvis .     v - +1 flail (protect)
rCold  . . .     Gourm    .     P - +3 leather armour {rF+}
rNeg   + . .     Faith    .     (no shield)
rPois  ∞         Spirit   .     h - +2 hat
rElec  +         Dismiss  .     t - +2 cloak {MR+}
rCorr  .         Reflect  +     (no gloves)
SustAt .         Harm     .     d - +2 pair of boots
MR     ++...                    O - +5 amulet of reflection
Stlth  ++........               q - ring of magical power
                                V - +2 ring of evasion

@: flying, very resistant to hostile enchantments, unstealthy
A: big wings, negative energy resistance 1, electricity resistance, unbreathing,
petrification resistance, rot immunity, AC +11
a: Stop Flying, Channel Energy, Forget Spell, Renounce Religion


You were on level 13 of the Dungeon.
You worshipped Sif Muna.
Sif Muna was exalted by your worship.
You were not hungry.

You visited 4 branches of the dungeon, and saw 24 of its levels.
You also visited: Labyrinth.

You collected 2052 gold pieces.
You spent 641 gold pieces at shops.

Inventory:

Hand Weapons
 v - a +1 flail of protection (weapon)
Missiles
 g - 6 poisoned tomahawks (quivered)
 J - 16 javelins
Armour
 d - a +2 pair of boots (worn)
 h - a +2 hat (worn)
 t - a +2 cloak of magic resistance (worn)
 C - a +0 buckler
 P - a +3 leather armour of fire resistance (worn)
Magical Staves
 m - an uncursed staff of conjuration
 p - an uncursed staff of power
Rods
 z - a +4 rod of clouds (11/11)
   (You found it in a labyrinth)
Jewellery
 k - an uncursed ring of protection from fire
 l - an uncursed amulet of regeneration
 q - a ring of magical power (right hand)
 M - an uncursed ring of fire
 O - a +5 amulet of reflection (around neck)
 V - a +2 ring of evasion (left hand)
Wands
 o - a wand of digging (13/24)
 E - a wand of teleportation (5/9)
 L - a wand of disintegration (13/24)
 R - a wand of lightning (5/15)
 X - a wand of iceblast (5/15)
Scrolls
 e - 4 scrolls of identify
 f - 4 scrolls of recharging
 i - 3 scrolls of blinking
 s - 9 scrolls of remove curse
Potions
 b - a potion of cancellation {unknown}
 c - 5 potions of lignification
 n - 2 potions of heal wounds
 u - 3 potions of might
 F - 4 potions of curing
 K - a potion of agility
Miscellaneous
 x - a lamp of fire
 N - a phial of floods
Comestibles
 a - 5 chunks of flesh
 r - 4 royal jellies


   Skills:
 + Level 9.9 Fighting
 - Level 1.9 Maces & Flails
 + Level 9.9 Armour
 + Level 8.1 Dodging
 - Level 2.1 Stealth
 + Level 2.9 Shields
 + Level 10.9 Spellcasting
 + Level 10.5 Conjurations
 - Level 2.4 Necromancy
   Level 0.7 Transmutations
 + Level 3.2 Fire Magic
 + Level 12.5 Earth Magic
 - Level 6.9 Poison Magic
 - Level 5.1 Invocations
 + Level 8.6 Evocations


You couldn't memorise any spells.
You knew the following spells:

 Your Spells              Type           Power        Failure   Level  Hunger
a - Sandblast             Erth           ######       1%          1    None
b - Stone Arrow           Conj/Erth      ######       1%          3    None
c - Lee's Rapid Deconstr  Erth           ######....   1%          5    ####...
d - Sting                 Conj/Pois      ####         1%          1    None
e - Mephitic Cloud        Conj/Pois/Air  #####...     1%          3    None
f - Venom Bolt            Conj/Pois      ######....   8%          5    ####...
g - Vampiric Draining     Necr           ###.......   10%         3    None
h - Force Lance           Conj/Tloc      #####...     10%         4    #......
i - Sticky Flame          Conj/Fire      #####...     4%          4    #......
j - Iron Shot             Conj/Erth      ######....   12%         6    ######.


Dungeon Overview and Level Annotations

Branches:
Dungeon (13/15)            Temple (1/1) D:5            Lair (8/8) D:8
 Shoals (0/4) Lair:6       Spider (0/4) Lair:3        Slime (0/6) Lair:6
    Orc (2/2) D:10            Elf (0/3) Orc:2
 Vaults: D:13-14

Altars:
Ashenzari
Cheibriados
Dithmenos
Elyvilon
Fedhas
Gozag
Kikubaaqudgha
Makhleb
Nemelex Xobeh
Okawaru
Pakellas
Qazlal
Ru
Sif Muna
Trog
Vehumet
Xom
Yredelemnul
Zin
The Shining One
Beogh
Jiyva

Shops:
D:6 !   D:8 *   Orc:1 %   Orc:2 ?:*}

Annotations:
D:2 Terence
D:9 exclusion: oklob plant
D:12 exclusion: obsidian statue
D:13 Frances


Innate Abilities, Weirdness & Mutations

You are resistant to torment.
Your stone body is resilient (AC +11).
You are immune to poison.
Your large and strong wings let you fly indefinitely.
You resist negative energy.
You are resistant to electric shocks.
You can survive without breathing.
You are immune to petrification.
You are immune to rotting.


Message History

You start resting.
HP restored.
You reach down and open the door.
Found an escape hatch in the floor.
Found a stone staircase leading up.
There is an open door here.
There is an open door here.
Frances shouts!
You sock Frances!
Frances is lightly wounded.
Frances hits you with a long sword of holy wrath.
Frances chants phrases taken from a devil's mouth.
Frances seems to speed up.
Frances chants phrases taken from a devil's mouth.
Frances whispers indecipherable words.
The iron shot hits you!
Ouch! That really hurt!
Frances screams a word of power!
The shard of ice hits you!
Ouch! That really hurt!
You die...

#.#..# #.##.##
# #.##..###.#..
###.##3........
#<#.##...##.##
####.#.##.#÷#
#.....<##.#..#
#....####@##.#
#....'@...# ..
#....###### #..
#.....# ..#
#.....# ..#
#.....# .>.
#.....# #.....#
#..>..# #.....#


You could see Frances.

Vanquished Creatures
  Maud (Orc:2)
  An orc warlord (D:10)
  Nessos (Lair:6)
  Erolcha (D:11)
  A fire dragon (Lair:3)
  5 hydras
  3 catoblepae
  Harold (Lair:1)
  7 death yaks
  4 ogre magi (Orc:2)
  An orc high priest (Orc:2)
  Urug (D:11)
  Nergalle (D:11)
  2 unseen horrors
  2 hill giants (D:10)
  Pikel (D:4)
  A wolf spider zombie (D:13)
  3 griffons
  An orc sorcerer (Orc:2)
  A wolf spider (Lair:3)
  An ugly thing (D:12)
  19 elephants
  Maurice (D:9)
  An ice statue (D:11)
  5 black mambas
  2 sirens (Lair:6)
  18 spiny frogs
  3 fire drakes
  12 komodo dragons
  2 polar bears
  3 trolls
  A queen bee (D:9)
  A merfolk (Lair:6)
  2 boulder beetles
  7 two-headed ogres
  14 blink frogs
  60 yaks
  2 spriggans (Lair:2)
  5 wraiths
  4 basilisks
  A steam dragon (D:11)
  9 hippogriffs
  2 vampire mosquitoes (D:11)
  Menkaure (D:7)
  Edmund (D:5)
  A mottled dragon (D:11)
  12 wolves
  3 hungry ghosts
  A warg (Orc:2)
  12 porcupines
  15 water moccasins
  A black bear (Lair:2)
  3 ice beasts
  20 orc warriors
  2 slaves
  2 phantoms
  A wasp (D:11)
  33 ogres
  9 centaurs
  21 crocodiles
  19 giant frogs
  Blork the orc (D:4)
  A wyvern zombie (D:9)
  A water moccasin zombie (D:11)
  2 scorpions
  24 killer bees
  A spriggan skeleton (D:10)
  A troll skeleton (D:10)
  6 wights
  5 crimson imps
  An electric eel (Lair:1)
  3 quasits
  2 centaur zombies
  2 giant frog skeletons
  A giant frog zombie (D:10)
  10 hounds
  5 jellies
  11 orc priests
  3 centaur skeletons (D:10)
  3 iron imps (D:4)
  16 orc wizards
  12 iguanas
  Ijyb (D:3)
  Natasha (thrice) (D:2)
  10 hell rats (Lair:7)
  11 worker ants
  6 sheep (Lair:4)
  A killer bee zombie (D:9)
  2 hound skeletons
  A worker ant zombie (D:11)
  4 gnolls (Orc:1)
  14 adders
  83 river rats
  A shadow imp (D:8)
  An ufetubus (D:12)
  2 oozes
  2 adder skeletons
  3 worms
  7 giant geckos
  84 orcs
  5 giant cockroaches
  6 goblins
  5 hobgoblins
  12 jackals
  9 quokkas
  A ball python (D:1)
  4 bats
  A giant gecko zombie (D:5)
  3 giant newts
  A jackal zombie (D:5)
  9 kobolds
  27 rats
  3 plants
804 creatures vanquished.

Vanquished Creatures (collateral kills)
  A killer bee (D:9)
1 creature vanquished.

Vanquished Creatures (others)
  Josephine (Orc:1)
  A large abomination (D:12)
  An ufetubus (D:12)
  A worm (D:5)
  An orc (D:3)
  35 fungi
  16 plants
56 creatures vanquished.

Grand Total: 861 creatures vanquished

Notes
Turn   | Place    | Note
--------------------------------------------------------------
     0 | D:1      | mrath the Gargoyle Earth Elementalist began the quest for the Orb.
     0 | D:1      | Reached XP level 1. HP: 10/10 MP: 3/3
   340 | D:1      | Reached XP level 2. HP: 15/15 MP: 2/5
  1269 | D:1      | Reached skill level 4 in Earth Magic
  1269 | D:1      | Reached XP level 3. HP: 19/19 MP: 5/7
  1348 | D:1      | Learned a level 3 spell: Stone Arrow
  1352 | D:2      | Noticed Natasha
  1356 | D:2      | Killed Natasha
  1494 | D:2      | Noticed Terence
  1718 | D:2      | Reached skill level 1 in Conjurations
  1718 | D:2      | Reached XP level 4. HP: 24/24 MP: 6/9
  1881 | D:2      | Noticed Natasha
  1885 | D:2      | Killed Natasha
  1968 | D:2      | Noticed Natasha
  1976 | D:2      | Killed Natasha
  1976 | D:2      | Reached XP level 5. HP: 28/28 MP: 6/10
  2779 | D:3      | Noticed Ijyb
  2791 | D:3      | Killed Ijyb
  3553 | D:3      | Reached skill level 5 in Earth Magic
  3553 | D:3      | Reached XP level 6. HP: 32/32 MP: 8/12
  3689 | D:3      | Found a radiant altar of Vehumet.
  4414 | D:4      | Noticed a phantom
  4668 | D:4      | Noticed Blork the orc
  4962 | D:3      | Reached skill level 5 in Spellcasting
  4962 | D:3      | Reached XP level 7. HP: 36/36 MP: 5/14
  5080 | D:4      | Found a sacrificial altar of Ru.
  5345 | D:4      | Killed Blork the orc
  5431 | D:4      | Found a burning altar of Makhleb.
  5493 | D:4      | Reached skill level 6 in Earth Magic
  5899 | D:5      | Entered Level 5 of the Dungeon
  5984 | D:5      | Reached XP level 8. HP: 40/42 MP: 7/17
  5985 | D:5      | Noticed Pikel
  6514 | D:4      | Killed Pikel
  6514 | D:4      | Reached skill level 1 in Fighting
  6514 | D:4      | Reached skill level 1 in Armour
  6514 | D:4      | Reached skill level 1 in Evocations
  6972 | D:5      | Reached skill level 5 in Conjurations
  7180 | D:5      | Noticed Edmund
  7198 | D:5      | Killed Edmund
  7198 | D:5      | Reached skill level 7 in Earth Magic
  7198 | D:5      | Reached XP level 9. HP: 33/49 MP: 1/19
  7369 | D:5      | Found a staircase to the Ecumenical Temple.
  7378 | Temple   | Entered the Ecumenical Temple
  7758 | D:6      | Found a glowing silver altar of Zin.
  7762 | D:6      | Found a bloodstained altar of Trog.
  8047 | D:6      | Found Isoa's Distillery.
  8061 | D:6      | Bought a potion of curing for 33 gold pieces
  8629 | D:6      | Found an opulent altar of Gozag.
  8749 | D:7      | Found an iron altar of Okawaru.
  9249 | D:7      | Noticed Menkaure
  9556 | D:7      | Killed Menkaure
  9998 | D:7      | Found a sparkling altar of Nemelex Xobeh.
 10203 | Temple   | Became a worshipper of Sif Muna the Loreminder
 10431 | D:8      | Found Ysabyl's Assorted Antiques.
 10569 | D:8      | Found a shimmering altar of Xom.
 10605 | D:7      | Learned a level 5 spell: Lee's Rapid Deconstruction
 10615 | D:8      | Found an ancient bone altar of Kikubaaqudgha.
 10912 | D:8      | Found a basalt altar of Yredelemnul.
 10922 | D:8      | Reached XP level 10. HP: 54/56 MP: 6/21
 11106 | D:7      | Reached skill level 8 in Earth Magic
 11623 | D:8      | Found a staircase to the Lair.
 11885 | D:8      | Found a glowing golden altar of the Shining One.
 11888 | D:8      | Noticed an angel
 11898 | D:8      | Noticed a profane servitor
 11931 | D:8      | Got a fine flail
 11984 | D:8      | Identified the +2 flail of Darkness {speed, rElec} (You found it on level 8 of the Dungeon)
 12192 | Lair:1   | Entered Level 1 of the Lair of Beasts
 12334 | Lair:1   | Found a labyrinth entrance.
 12348 | Lab      | Entered a labyrinth
 13512 | Lab      | Noticed a minotaur
 13595 | Lab      | Identified the Reference Book on Shifting Black Magic (You found it in a labyrinth)
 13605 | Lab      | Identified a +4 rod of clouds (11/11) (You found it in a labyrinth)
 13909 | Temple   | Learned a level 1 spell: Sting
 13913 | Temple   | Learned a level 3 spell: Mephitic Cloud
 13919 | Temple   | Learned a level 5 spell: Venom Bolt
 14106 | Lair:1   | Noticed a spiny frog
 14122 | Lair:1   | Killed a spiny frog
 14122 | Lair:1   | Reached * piety under Sif Muna
 14205 | Lair:1   | Noticed Harold
 14245 | Lair:1   | Killed Harold
 14245 | Lair:1   | Reached skill level 1 in Poison Magic
 14342 | Lair:1   | Noticed a spiny frog
 14352 | Lair:1   | Killed a spiny frog
 14697 | Lair:1   | Noticed a spiny frog
 14705 | Lair:1   | Killed a spiny frog
 14705 | Lair:1   | Reached skill level 5 in Fighting
 15105 | Lair:2   | Reached skill level 5 in Armour
 15105 | Lair:2   | Reached skill level 9 in Earth Magic
 15105 | Lair:2   | Reached XP level 11. HP: 63/63 MP: 13/23
 15379 | Lair:2   | Reached ** piety under Sif Muna
 17755 | Lair:3   | Noticed a fire dragon
 17791 | Lair:3   | Found a hole to the Spider Nest.
 17940 | Lair:3   | Reached skill level 5 in Evocations
 19588 | Lair:3   | Noticed a wolf spider
 19601 | Lair:3   | Killed a wolf spider
 19601 | Lair:3   | Reached *** piety under Sif Muna
 20030 | Lair:3   | Noticed a griffon
 20201 | Lair:4   | Noticed a death yak
 20202 | Lair:4   | Noticed a death yak
 20207 | Lair:4   | Noticed a death yak
 20208 | Lair:4   | Noticed a death yak
 20235 | Lair:4   | Noticed a death yak
 20302 | Lair:4   | Reached skill level 5 in Dodging
 20482 | Lair:4   | Reached XP level 12. HP: 70/70 MP: 10/25
 21910 | Lair:4   | Killed a death yak
 21910 | Lair:4   | Reached skill level 10 in Earth Magic
 22447 | Lair:4   | Found a snail-covered altar of Cheibriados.
 22671 | Lair:4   | Noticed an eight-headed hydra
 22683 | Lair:4   | Killed an eight-headed hydra
 23005 | Lair:5   | Found a dark tunnel.
 23417 | Lair:5   | Reached skill level 5 in Poison Magic
 23624 | Lair:5   | Reached **** piety under Sif Muna
 23999 | Lair:5   | Noticed a five-headed hydra
 25014 | Lair:5   | Killed a five-headed hydra
 25177 | Lair:5   | Reached XP level 13. HP: 76/76 MP: 19/26
 25623 | Lair:6   | Noticed Nessos
 26056 | Lair:6   | Found a viscous altar of Jiyva.
 26057 | Lair:6   | Found a staircase to the Slime Pits.
 26310 | Lair:6   | Found a staircase to the Shoals.
 27945 | Lair:7   | Reached ***** piety under Sif Muna
 28372 | Lair:6   | Noticed an acid blob
 28516 | Lair:6   | Reached skill level 1 in Invocations
 28978 | Lair:7   | Reached skill level 11 in Earth Magic
 28983 | Lair:7   | Got an ebony dagger
 30236 | Lair:7   | Reached skill level 10 in Spellcasting
 30287 | Lair:5   | Identified the cursed +0 dagger of the Thirteen Ships {pain, +Blink rN+++ MR+++ Int-3} (You found it on level 7 of the Lair of Beasts)
 31053 | D:9      | Noticed Maurice
 31059 | D:9      | Killed Maurice
 32271 | D:9      | Found a blossoming altar of Fedhas.
 32764 | D:10     | Entered Level 10 of the Dungeon
 33011 | D:10     | Found a staircase to the Orcish Mines.
 33020 | D:10     | Found a roughly hewn altar of Beogh.
 33026 | D:10     | Gained mutation: Your large and strong wings let you fly indefinitely. [Gargoyle growth]
 33026 | D:10     | Reached XP level 14. HP: 69/84 MP: 11/28
 34617 | Lair:2   | Learned a level 3 spell: Vampiric Draining
 35104 | Lair:4   | Reached skill level 1 in Necromancy
 36399 | Lair:8   | Entered Level 8 of the Lair of Beasts
 38366 | Lair:8   | Reached skill level 10 in Conjurations
 38636 | Lair:7   | Reached skill level 5 in Invocations
 38801 | Lair:6   | Killed Nessos
 38801 | Lair:6   | Reached ****** piety under Sif Muna
 38806 | Lair:6   | HP: 1/86 [acid (8)]
 39391 | Lair:3   | Received a gift from Sif Muna
 39392 | Lair:3   | Identified Heoff's Reference Book on Conjuration (Sif Muna gifted it to you on level 3 of the Lair of Beasts)
 39529 | Lair:3   | Learned a level 4 spell: Force Lance
 39534 | Lair:3   | Learned a level 4 spell: Sticky Flame
 40012 | Lair:3   | Reached skill level 12 in Earth Magic
 40536 | Orc:1    | Entered Level 1 of the Orcish Mines
 40829 | Orc:1    | Found Agudduyrru's Food Emporium.
 40868 | Orc:1    | Noticed Josephine
 40875 | Orc:1    | Killed Josephine
 40875 | Orc:1    | Reached skill level 1 in Fire Magic
 41216 | Orc:2    | Entered Level 2 of the Orcish Mines
 41295 | Orc:2    | Noticed an orc warlord
 41342 | D:10     | Killed an orc warlord
 41342 | D:10     | Reached skill level 1 in Shields
 41342 | D:10     | Reached XP level 15. HP: 41/91 MP: 0/29
 41730 | Orc:2    | Found a staircase to the Elven Halls.
 41978 | Orc:2    | Found a roughly hewn altar of Beogh.
 42185 | Orc:2    | Reached skill level 1 in Maces & Flails
 43263 | Orc:2    | Found Urumuiw's Magic Scroll Boutique.
 43263 | Orc:2    | Found Hotenefi's Book Emporium.
 43264 | Orc:2    | Found Xakaur's Assorted Antiques.
 43264 | Orc:2    | Found Caudgh's Gadget Shop.
 43551 | Orc:2    | Noticed Maud
 43597 | Orc:2    | Killed Maud
 43999 | Orc:2    | Bought a book of Power for 540 gold pieces
 44006 | Orc:2    | Learned a level 6 spell: Iron Shot
 44007 | Orc:2    | Bought a scroll of identify for 34 gold pieces
 44007 | Orc:2    | Bought a scroll of identify for 34 gold pieces
 44069 | D:11     | Noticed Urug
 44200 | D:11     | Killed Urug
 44759 | D:11     | Noticed Erolcha
 44769 | D:11     | Killed Erolcha
 45099 | D:11     | Noticed Nergalle
 45531 | D:11     | Killed Nergalle
 48454 | D:13     | Noticed Frances
 48598 | D:13     | Killed from afar by Frances

Vault maps used:
D:1:      co_arrival_random_square_maze
D:2:      uniq_natasha, uniq_terence
D:3:      fiery_altar_vehumet, minmay_fountain_box, uniq_iyjb
D:4:      demons_altar, st_stairs_7, nicolae_ru_great_annihilating_truth,
          uniq_blork_the_orc
D:5:      minmay_temple_entry_purple_smoke, first_bread, dk_noncrumbling_3,
          uniq_pikel, uniq_edmund
D:6:      grunt_gozag_statues, minitemple, serial_shops, shop
D:7:      overflow_temple_1_default, nemelex_xobeh_ov_fountains_minmay,
          uniq_menkaure
D:8:      kennysheep_little_box, xom_teletrap_fun,
          grunt_temple_overflow_holy_war, minmay_lair_entry_lava, serial_shops,
          nicolae_shop_temple_entry_statues_fountains
D:9:      tgw_fedhas, special_room, uniq_maurice
D:10:     minmay_orc_entry_temple_small, hangedman_tell_no_tales,
          serial_bayou_pond_c
D:11:     portal_ice_cave_entry_ice_statue_01, uniq_nergalle, uniq_urug,
          uniq_erolcha
D:12:     hangedman_devilish_allure
D:13:     uniq_frances
Temple:   nicolae_temple_no_exploring_needed
Lair:1:   lab_entry_generic, nicolae_quartered_pool_medium, uniq_harold
Lair:2:   wad_woods_tower
Lair:3:   dragon1_lemuel, dummy_spider_entry
Lair:4:   basic_altar, grunt_megastairs_2
Lair:5:   nicolae_volcano_entry_lava_flow, lemuel_fruit_tree
Lair:6:   elwin_shoals_entry_stream, slime_altar_1, minivault_23,
          lemuel_fruit_fields, uniq_nessos
Lair:7:   lemuel_ratsnest, grunt_megastairs_3
Lair:8:   grunt_lair_end_beastmaster, nicolae_lair_grove_arrangements,
          hibernation_bobbens, serial_bayou_shore_a
Orc:1:    serial_shops, shop, uniq_josephine
Orc:2:    st_orc_ogre_mass, basic_altar, abandoned_shop, uniq_maud
Lab:      labyrinth_watery

Action                   |  1- 3 |  4- 6 |  7- 9 | 10-12 | 13-15 || total
-------------------------+-------+-------+-------+-------+-------++-------
Melee: Club              |     4 |       |       |       |       ||     4
       Spear             |    13 |    31 |       |       |       ||    44
       Mace              |       |       |    76 |   144 |   290 ||   510
       Unarmed           |       |       |       |       |     1 ||     1
       Flail             |       |       |       |       |   115 ||   115
 Fire: Hunting sling     |       |       |     2 |       |       ||     2
Throw: Tomahawk          |       |       |       |     3 |     2 ||     5
 Cast: Sandblast         |    33 |   122 |   173 |    66 |    11 ||   405
       Stone Arrow       |       |       |    96 |   443 |   919 ||  1458
       Mephitic Cloud    |       |       |       |     7 |    32 ||    39
       Lee's Rapid Decon |       |       |       |     6 |    68 ||    74
       Sting             |       |       |       |     2 |     4 ||     6
       Venom Bolt        |       |       |       |     1 |    38 ||    39
       Sticky Flame      |       |       |       |       |     7 ||     7
       Vampiric Draining |       |       |       |       |     5 ||     5
       Force Lance       |       |       |       |       |     4 ||     4
       Iron Shot         |       |       |       |       |     4 ||     4
Invok: Channel Energy    |       |       |       |       |     8 ||     8
 Abil: Fly               |       |       |       |       |     1 ||     1
Evoke: Wand              |       |       |     2 |       |    12 ||    14
  Use: Scroll            |       |       |     7 |     7 |    14 ||    28
       Potion            |       |       |       |     1 |     4 ||     5
 Stab: Paralysed         |       |       |     2 |       |       ||     2
       Distracted        |       |       |     1 |       |     1 ||     2
  Eat: Chunk             |     2 |    10 |    17 |    28 |    64 ||   121
       Pizza             |       |       |     1 |       |     1 ||     2
       Beef jerky        |       |       |     1 |     2 |       ||     3
       Meat ration       |       |       |       |     1 |       ||     1
       Fruit             |       |       |       |    10 |    10 ||    20
       Royal jelly       |       |       |       |       |    11 ||    11
